 Dungeon Crawl Stone Soup version 0.21-a0-401-g0b6bec4 (webtiles) character file.

17 mutemala the Sneak (level 2, -1/22 HPs)
             Began as a Vampire Assassin on Oct 24, 2017.
             Slain by a jackal (3 damage)
             ... on level 1 of the Dungeon.
             The game lasted 00:01:28 (377 turns).

mutemala the Sneak (Vampire Assassin)                Turns: 377, Time: 00:01:28

Health: -1/22      AC:  3    Str: 10    XL:     2   Next: 44%
Magic:  2/2        EV: 12    Int: 13    God:
Gold:   33         SH:  0    Dex: 15    Spells: 1/1 levels left

rFire    . . .     SeeInvis +   a - +2 dagger
rCold    . . .     Gourm    .   (no shield)
rNeg     + . .     Faith    .   c - +0 robe
rPois    .         Spirit   .   (no helmet)
rElec    .         Reflect  .   d - +0 cloak
rCorr    .         Harm     .   (no gloves)
MR       .....                  (no boots)
Stlth    +++.......             (no amulet)
HPRegen  0.07/turn              (no ring)
MPRegen  0.08/turn              (no ring)

@: no status effects
A: fangs 3, see invisible, unbreathing
a: no special abilities


You were on level 1 of the Dungeon.
You were not thirsty.

You visited 1 branch of the dungeon, and saw 2 of its levels.

You collected 33 gold pieces.

Inventory:

Hand Weapons
 a - a +2 dagger (weapon)
 b - a +0 blowgun
Missiles
 e - 8 poisoned needles
 f - 5 curare-tipped needles
Armour
 c - a +0 robe (worn)
 d - a +0 cloak (worn)
Scrolls
 j - 3 scrolls of teleportation {unknown}
 k - a scroll of enchant weapon {unknown}
Potions
 g - a potion of blood
 h - 2 potions of agility {unknown}
 i - a potion of heal wounds {unknown}
 l - a potion of flight {unknown}


   Skills:
 + Level 1.7 Fighting
 * Level 2.6 Short Blades
 - Level 1.5 Throwing
 + Level 1.1 Dodging
 * Level 6.6 Stealth


You had one spell level left.
You didn't know any spells.

Dungeon Overview and Level Annotations

Branches:
Dungeon (2/15)

Altars:


Innate Abilities, Weirdness & Mutations

You have razor-sharp teeth.
You have supernaturally acute eyesight. (SInv)
You can survive without breathing.


Message History

The jackal bites you but does no damage.
The jackal misses you. The jackal barely misses you.
The jackal bites you but does no damage.
You barely miss the jackal. The jackal bites you.
* * * LOW HITPOINT WARNING * * *
The jackal bites you.
* * * LOW HITPOINT WARNING * * *
You closely miss the jackal.
The jackal bites you but does no damage.
The jackal misses you. The jackal closely misses you.
You completely miss the jackal. You bite the jackal.
The jackal is moderately wounded.
The jackal bites you.
* * * LOW HITPOINT WARNING * * *
The jackal closely misses you. The jackal bites you.
* * * LOW HITPOINT WARNING * * *
You hit the jackal. Your bite misses the jackal.
The jackal is heavily wounded.
The jackal bites you.
You die...

#.####### ####..
#...(...# #..
#.......# #..
.####.......#######
###
.......(..........#
..$!........#####.#
######......#####'##
........h.(.##.....#
.###..@h...##.....#
#...#.#######.....#
#.⌠.#. .........#
#...#. #######†## ≈#
≈. #.# .. #.# ≈..
#.# #≈. #.# #.######


You could see 2 jackals.

Vanquished Creatures
  A dart slug (D:1)
  A giant cockroach (D:1)
  2 goblins (D:1)
  2 hobgoblins (D:1)
  A jackal (D:1)
  3 kobolds (D:1)
  2 bats (D:1)
  3 frilled lizards (D:1)
  A rat (D:1)
16 creatures vanquished.

Vanquished Creatures (others)
  A goblin (D:1)
1 creature vanquished.

Grand Total: 17 creatures vanquished

Notes
Turn   | Place    | Note
-------+----------+-------------------------------------------
     0 | D:1      | mutemala the Vampire Assassin began the quest for the Orb.
     0 | D:1      | Reached XP level 1. HP: 16/16 MP: 1/1
    17 | D:1      | Reached skill level 6 in Stealth
   104 | D:1      | Reached XP level 2. HP: 19/22 MP: 2/2
   377 | D:1      | Slain by a jackal

Vault maps used:
D:1:      dpeg_arrival_boxorama, fountainhead, minivault_26
D:2:      nicolae_overflow_hidden_temple, grunt_gozag_statues

Skill      XL: |  1 |
---------------+----+-----
Stealth        | 6 |  6.6
Fighting       | |  1.7
Short Blades   | |  2.6
Throwing       | |  1.5
Dodging        | |  1.1

Action                   || total
-------------------------++-------
Melee: Dagger            ||    45
       Bite              ||     4
 Stab: Sleeping          ||     1
Armor: Robe              ||    12
Dodge: Dodged            ||    39

Table legend:
 A = Spawn XP
 B = Non-spawn XP
 C = Spawn XP percentage of total XP
 D = Spawn monster count
 E = Non-spawn monster count
 F = Spawn count percentage of total count
 G = Total turns spent on level
                    A         B        C        D         E        F      G
               +---------+---------+-------+---------+---------+-------+---------
         Total |       0 |      25 |   0.0 |       0 |      16 |   0.0 |   377
               +---------+---------+-------+---------+---------+-------+---------
           D:1 |       0 |      25 |   0.0 |       0 |      16 |   0.0 |   375
               +---------+---------+-------+---------+---------+-------+---------
